 Dungeon Crawl Stone Soup version 0.28-b1-1-g3c77fb2ed1 (webtiles) character file.

Game seed: 8688576106234864425

6 boopmooplesden the Covered (level 1, 0/20 HPs)
             Began as a Minotaur Fighter on Jan 28, 2022.
             Slain by a ball python (1 damage)
             ... on level 1 of the Dungeon.
             The game lasted 00:00:15 (112 turns).

boopmooplesden the Covered (Minotaur Fighter)        Turns: 112, Time: 00:00:15

Health: 0/20       AC:  7    Str: 20    XL:     1   Next: 75%
Magic:  0/0        EV:  6    Int:  5    God:
Gold:   8          SH:  4    Dex:  9    Spells: 0/0 levels left

rFire   . . .      SeeInvis .   a - +0 long sword
rCold   . . .      Faith    .   c - +0 buckler
rNeg    . . .      Spirit   .   b - +0 scale mail
rPois   .          Reflect  .   (helmet restricted)
rElec   .          Harm     .   (no cloak)
rCorr   .          Rampage  .   (no gloves)
Will    .....                   (no boots)
Stlth   ..........              (no amulet)
HPRegen 0.06/turn               (no ring)
MPRegen 0.07/turn               (no ring)

@: constricted
A: horns 2, retaliatory headbutt
a: no special abilities


You were on level 1 of the Dungeon.
You visited 1 branch of the dungeon, and saw 1 of its levels.

You collected 8 gold pieces.

Inventory:

Hand Weapons
 a - a +0 long sword (weapon)
Armour
 b - a +0 scale mail (worn)
 c - a +0 buckler (worn)
Scrolls
 e - a scroll of vulnerability {unknown}
 f - a scroll of identify {unknown}
Potions
 d - a potion of might


   Skills:
 + Level 3.8 Fighting
 + Level 2.4 Long Blades
 + Level 3.9 Armour
 + Level 3.7 Shields


You couldn't memorise any spells.
You didn't know any spells.
Your spell library was empty.

Dungeon Overview and Level Annotations

Branches:
Dungeon (1/15)

Altars:

Shops:
D:1 =


Innate Abilities, Weirdness & Mutations

You have a pair of horns on your head.
You reflexively headbutt those who attack you in melee.


Message History

An endoplasm and a rat come into view.
Found Foycror's Jewellery Shop.
The endoplasm quivers.
There are monsters nearby!
A ball python and a bat come into view.
The ball python hisses angrily.
The endoplasm misses you. The endoplasm freezes you.
You are frozen.
The ball python bites you. The ball python closely misses you.
You hit the ball python.
The ball python is severely wounded.
The bat closely misses you. You furiously retaliate!
You headbutt the bat, but do no damage. The endoplasm hits you.
The ball python bites you. You block the ball python's attack.
You block the endoplasm's attack. The rat barely misses you.
You closely miss the ball python.
The ball python is severely wounded.
You block the bat's attack.
The ball python bites you but does no damage.
The ball python grabs you. The ball python constricts you.
The ball python bites you but does no damage.
The ball python constricts you. The endoplasm freezes you.
You are frozen.
The rat barely misses you.
You hit the rat.
You kill the rat!
The bat hits you.
* * * LOW HITPOINT WARNING * * *
You block the ball python's attack. The ball python constricts you.
The endoplasm hits you.
* * * LOW HITPOINT WARNING * * *
The bat hits you but does no damage.
The ball python bites you but does no damage.
The ball python constricts you.
You barely miss the ball python.
The ball python is severely wounded.
The bat hits you but does no damage. The endoplasm hits you.
* * * LOW HITPOINT WARNING * * *
The ball python bites you.
You die...

#..........
#.............###...###
#........### #..##
#.......## ######..#
#.......# #......##
##...⌠.⌠.###...##..##
#.....∩..##...........
#....⌠†J##.....#....###
#..$.S@.##.#...###..#
##..b..#...##### ....
##...##.### .##.
#####..# .. .. ...##
.... #...# #... #...


You could see an endoplasm, a bat and a ball python.

Vanquished Creatures
  A bat (D:1)
  An endoplasm (D:1)
  A goblin (D:1)
  A hobgoblin (D:1)
  A rat (D:1)
5 creatures vanquished.

Notes
Turn   | Place    | Note
-------+----------+-------------------------------------------
     0 | D:1      | boopmooplesden the Minotaur Fighter began the quest for the
                  | Orb.
     0 | D:1      | Reached XP level 1. HP: 19/19 MP: 0/0
   106 | D:1      | Found Foycror's Jewellery Shop.
   112 | D:1      | HP: 1/20 [endoplasm (3)]
   112 | D:1      | Slain by a ball python

Illustrated notes

Levels and vault maps discovered:
D:1:      giann_bridges, layout_rooms, serial_shops, shop_fountains

Action                   || total
-------------------------++-------
Melee: Long sword        ||    10
       Headbutt          ||     2
Armor: Scale mail        ||    13
Dodge: Dodged            ||    10
Block: Buckler           ||     5
